 Dungeon Crawl Stone Soup version 0.30-a0-341-g682706514a (webtiles) character file.

Game seed: 7076078538131062618

170579 Shayle the Demolition Djinni (level 18, -13/132 HPs)
             Began as a Djinni Reaver on Nov 2, 2022.
             Was an Elder of Makhleb.
             Shot with an arrow by a centaur warrior (22 damage)
             ... on level 1 of the Vaults on Nov 3, 2022.
             The game lasted 03:02:05 (28363 turns).

Shayle the Demolition Djinni (Djinni Reaver)       Turns: 28363, Time: 03:02:06

Health: -13/132    AC: 24    Str: 15    XL:     18   Next: 32%
Gold:   2459       EV: 31    Int: 32    God:    Makhleb [****..] SH:  0 Dex: 14

rFire   + + +      SeeInvis +    E - +9 broad axe (protect)
rCold   + + .      Faith    .    (no shield)
rNeg    . . .      Spirit   .    M - +2 robe {rC+}
rPois   ∞          Reflect  .    w - +4 helmet of Xoihuept {rF+}
rElec   +          Harm     .    S - +2 cloak
rCorr   .          Rampage  +    i - +3 pair of gloves "Jaidoqif" {rElec rC++ SInv}
Will    +....                    (boots unavailable)
Stlth   +++.......               t - amulet of Rycroim {Acrobat Rampage Str+4 Dex+3 Stlth-}
HPRegen 0.42/turn                f - +6 ring of intelligence
MPRegen 0.00/turn                N - ring "Hero's Friend" {AC+4 Int+4}

@: about to teleport, marked, acrobatic, flying
A: sickness immunity, fire resistance 2, cold vulnerability 1, float, innate
caster, HP casting, extra vitality 1, iridescent scales 1, clumsy 1
}: 1/15 runes: decaying
a: Renounce Religion, Minor Destruction, Lesser Servant of Makhleb, Major
Destruction


You were on level 1 of the Vaults.
You worshipped Makhleb.
Makhleb was greatly pleased with you.
You visited 7 branches of the dungeon, and saw 30 of its levels.
You also visited: Sewer and Bailey.

You collected 3462 gold pieces.
You spent 1003 gold pieces at shops.

Inventory:

Hand Weapons
 j - a +8 scimitar of flaming
 E - a +9 broad axe of protection (weapon)
Missiles
 b - 4 throwing nets
 e - 6 curare-tipped darts
 z - 4 silver javelins
 K - 37 boomerangs (quivered)
Armour
 i - the +3 pair of gloves "Jaidoqif" (worn) {rElec rC++ SInv}
   (You acquired it on level 3 of the Dungeon)

   rC:        It greatly protects you from cold.
   rElec:     It insulates you from electricity.
   SInv:      It lets you see invisible.
 l - a +2 robe of the Archmagi
 w - the +4 helmet of Xoihuept (worn) {rF+}
   (You took it off Robin on level 4 of the Dungeon)

   rF:        It protects you from fire.
 y - a +3 troll leather armour
 M - a +2 robe of cold resistance (worn)
 P - a +0 kite shield
 S - a +2 cloak (worn)
Jewellery
 c - a ring of wizardry
 f - a +6 ring of intelligence (left hand)
 p - a ring of protection from cold
 t - the amulet of Rycroim (around neck) {Acrobat Rampage Str+4 Dex+3 Stlth-}
   (You acquired it on level 14 of the Dungeon)

   [amulet of the acrobat]

   It increases your evasion while moving and waiting.
   Str:       It affects your strength (+4).
   Dex:       It affects your dexterity (+3).
   Rampage:   It bestows one free step when moving towards enemies.
   Stlth:     It makes you less stealthy.
 G - a +4 ring of protection
 N - the ring "Hero's Friend" (right hand) {AC+4 Int+4}
   (You acquired it on level 7 of the Dungeon)

   [ring of protection]

   AC:        It affects your AC (+4).
   Int:       It affects your intelligence (+4).
 T - a ring of protection from cold
Wands
 m - a wand of digging (12)
 s - a wand of light (8)
 B - a wand of flame (53)
 F - a wand of roots (4)
 U - a wand of paralysis (34)
 X - a wand of mindburst (42)
Scrolls
 h - 7 scrolls of butterflies
 n - 4 scrolls of immolation
 q - 5 scrolls of vulnerability
 u - 4 scrolls of poison
 x - 6 scrolls of teleportation
 H - 4 scrolls of magic mapping
 J - 2 scrolls of torment
Potions
 a - 6 potions of brilliance
 d - 4 potions of mutation
 g - 4 potions of might
 k - 5 potions of haste
 r - 6 potions of attraction
 v - 2 potions of berserk rage
 A - 6 potions of lignification
 C - 5 potions of curing
 I - 2 potions of ambrosia
 O - 2 potions of invisibility
 W - 4 potions of resistance
 Y - a potion of cancellation


   Skills:
 + Level 13.1 Fighting
 - Level 6.5 Long Blades
 + Level 9.5 Axes
 - Level 9.7 Armour
 - Level 9.2 Dodging
 - Level 7.4 Stealth
 + Level 5.1 Shields
 + Level 10.4 Spellcasting
 + Level 14.0 Invocations
 - Level 10.0 Evocations


You had 2 spell levels left.
You knew the following spells:

 Your Spells              Type           Power      Damage    Failure   Level
a - Kiss of Death         Conj/Necr      100%       2d13      1%          1
b - Momentum Strike       Conj/Tloc      100%       3d10      1%          2
c - Hailstorm             Conj/Ice       70%        3d15      1%          3
d - Sting                 Tmut/Pois      100%       1d8       1%          1
e - Call Imp              Summ           70%        N/A       1%          2
f - Wereblood             Tmut           70%        N/A       1%          2
g - Teleport Other        Tloc           70%        N/A       1%          3
h - Leda's Liquefaction   Hex/Erth       35%        N/A       1%          4
i - Lightning Bolt        Conj/Air       35%        1d53      1%          5
j - Statue Form           Tmut/Erth      46%        N/A       6%          6
k - Death Channel         Necr           35%        N/A       6%          6
Your spell library was empty.

Dungeon Overview and Level Annotations

Branches:
Dungeon (15/15)            Temple (1/1) D:5            Lair (5/5) D:11
  Swamp (4/4) Lair:2        Snake (2/4) Lair:3        Slime (0/5) Lair:4
    Orc (2/2) D:10            Elf (0/3) Orc:2        Vaults (1/5) D:13
 Depths (0/4) D:15          Sewer (visited)          Bailey (visited)

Altars:
Dithmenos
Elyvilon
Hepliaklqana
Makhleb
Nemelex Xobeh
Okawaru
Ru
Uskayaw
Wu Jian
Xom
Yredelemnul
The Shining One
Jiyva

Shops:
D:6 (   D:9 !   D:14 *   Orc:1 =   Orc:2 (*[*

Portals:
Abyss: D:15

Annotations:
D:4 2 transporters, p00ps00p's ghost, amateur HOFi
D:9 Harold
D:15 2 transporters, Ceh Rif's ghost, adept HuWn
Lair:5 1 runed translucent door, bande's ghost, journeyman GrFi
Swamp:2 1 runed translucent door, Wunk's ghost, adept MfGl
Orc:1 2 transporters, Wekumecuw's ghost, journeyman DsFi
Vaults:1 Saint Roka


Innate Abilities, Weirdness & Mutations

You are immune to sickness and miasma.
You are immune to poison.
Your flesh is very heat resistant. (rF++)
You are vulnerable to cold. (rC-)
You float through the air rather than walking.
You learn spells naturally, not from books.
Your magical power is your life essence.
You have superior vitality. (+4 MHP)
You are partially covered in iridescent scales. (AC +2)
You are clumsy. (Dex -2)


Message History

The vault sentinel simulacrum hits you but does no damage.
You hit the necromancer.
Your weapon exudes an aura of protection.
The necromancer is almost dead.
You slash the vault sentinel simulacrum!
You hit Saint Roka but do no damage.
Your surroundings suddenly seem different.
The roots lose their grip on something. x3;
Found 5 stones.
You start resting.
A centaur warrior comes into view.
The centaur warrior wields a +0 shortbow.
The centaur warrior shoots an arrow.
The arrow completely misses you.
You hear a shout!
Okay, then.
Okay, then.
Aiming: Bolt of Light
Press: ? - help, Shift-Dir - straight line, f - you
Okay, then.
Aiming: Paralyse
Press: ? - help, Shift-Dir - straight line, f - centaur warrior
Aim: a centaur warrior, wielding a +0 shortbow (chance to affect: 54%)
The centaur warrior resists with significant effort.
The centaur warrior shoots an arrow.
The arrow hits you but does no damage.
Unknown command.
An ironbound frostheart and a centaur warrior come into view.
The centaur warrior shoots an arrow.
The arrow hits you!
* * * LOW HITPOINT WARNING * * *
The centaur warrior wields a +0 longbow of freezing.
It is covered in frost.
The centaur warrior shoots an arrow.
The arrow misses you.
Unknown command.
As you read the scroll of teleportation, it crumbles to dust.
You feel strangely unstable.
A centaur warrior comes into view.
The centaur warrior shoots an arrow.
The arrow hits you but does no damage.
The centaur warrior shoots an arrow.
The arrow hits you.
* * * LOW HITPOINT WARNING * * *
Unknown command.
The centaur warrior shoots an arrow.
The arrow hits you!!
You die...

#.....#
#.....#
#.....#
#.....#
#.....#
#.....#
#.....#
#..@..+
#.....#
..p......#
....(.....#
.c........#
..cc......#
..........#
##+########


You could see an ironbound frostheart and 3 centaur warriors.

Vanquished Creatures
  A thorn hunter (Swamp:4)
  A sphinx (Vaults:1)
  2 fenstrider witches (Swamp:4)
  An orc warlord (Bailey)
  2 ironbound preservers (Vaults:1)
  A ghoul (Swamp:4)
  A very ugly thing (Vaults:1)
  A stone giant (D:15)
  An ironbound thunderhulk (Vaults:1)
  4 bunyips
  3 eleionomae
  A green death (Swamp:4)
  A blizzard demon (Swamp:4)
  A great orb of eyes (Vaults:1)
  A shambling mangrove (Swamp:4)
  11 hydras
  4 vault guards
  A death knight (D:15)
  2 anacondas (Snake:1)
  6 centaur warriors
  A merfolk avatar (Lair:5)
  6 two-headed ogres
  6 alligators
  4 boulder beetles
  An orc high priest (Orc:1)
  A soul eater (Swamp:4)
  A naga sharpshooter (Snake:2)
  Sonja (Orc:1)
  2 shock serpents (Snake:1)
  2 sixfirhies (Swamp:4)
  A salamander mystic (Snake:1)
  2 goliath frogs
  5 skeletal warriors
  5 spriggan druids
  2 naga ritualists (Snake:1)
  2 wizards (Swamp:4)
  2 bog bodies (Swamp:1)
  An orange crystal statue (D:14)
  3 deep trolls (Vaults:1)
  A swamp dragon (Swamp:2)
  3 deep elf pyromancers
  2 ironbound convokers (Vaults:1)
  A deep elf zephyrmancer (Swamp:4)
  7 orc sorcerers
  8 ugly things
  A will-o-the-wisp (Swamp:4)
  A manticore (Lair:5)
  An oklob plant (Lair:1)
  5 cyclopes
  A salamander (Snake:1)
  12 elephants
  12 centaur zombies (D:15)
  An ice statue (D:14)
  2 vault sentinels (Vaults:1)
  10 black mambas
  Maggie (Lair:1)
  2 gargoyles
  A kobold demonologist (D:12)
  11 komodo dragons
  2 rime drakes
  13 cane toads
  Psyche (D:10)
  2 unseen horrors
  An efreet (D:14)
  A hellwing (Swamp:4)
  A burning bush (Lair:5)
  3 meliai (D:14)
  5 hornets
  3 polar bears (Lair:5)
  7 trolls
  15 slime creatures
  5 tyrant leeches
  4 wind drakes (Lair:5)
  A wolf spider simulacrum (D:15)
  Grinder (D:3)
  A meliai zombie (D:15)
  Sigmund (D:3)
  A vampire (D:10)
  2 shadows (D:9)
  5 wraiths
  6 spriggans
  5 wyverns
  Eustachio (D:5)
  4 basilisks
  60 yaks
  7 humans
  5 vampire mosquitoes
  A steam dragon (D:6)
  A chaos spawn (Swamp:4)
  A warg (Orc:1)
  2 acid dragons
  A naga (Snake:2)
  10 swamp worms
  15 water moccasins
  A floating eye (shapeshifter) (D:15)
  5 swamp drakes
  18 orc warriors
  6 black bears
  21 wolves
  7 ogres
  8 centaurs
  3 kobold brigands
  12 bullfrogs
  3 gnoll sergeants
  4 scorpions
  4 wights
  15 killer bees
  7 howler monkeys
  2 electric eels
  4 hounds
  24 orc priests
  Crazy Yiuf (D:3)
  3 jellies
  3 boggart zombies (D:15)
  2 iguanas (D:4)
  23 orc wizards
  6 hell rats (Lair:1)
  Robin (D:4)
  13 gnolls
  6 adders
  A river rat (D:4)
  A shadow imp (D:7)
  A white imp (D:8)
  An ufetubus (D:6)
  3 dart slugs
  5 worms
  54 orcs
  7 ball pythons
  9 endoplasms
  5 giant cockroaches
  21 goblins
  13 hobgoblins
  7 jackals
  4 quokkas
  10 bats
  32 kobolds
  7 rats
  5 briar patches
  A bush (Lair:2)
760 creatures vanquished.

Vanquished Creatures (collateral kills)
  A tentacled monstrosity (Swamp:4)
  3 thorn hunters
  A fenstrider witch (Swamp:4)
  3 bunyips
  A shambling mangrove (Swamp:4)
  4 hydras
  A ghost crab (Swamp:3)
  6 alligators
  4 orc high priests (Orc:2)
  A sixfirhy (Swamp:4)
  3 goliath frogs
  3 spriggan druids
  A bog body (Swamp:1)
  A death drake (Swamp:4)
  2 will-o-the-wisps
  An orc sorcerer (Orc:2)
  A black mamba (Lair:5)
  An orange demon (Swamp:4)
  A cane toad (Lair:5)
  3 tyrant leeches (Swamp:2)
  A polar bear (Lair:5)
  4 hornets
  A snapping turtle (Lair:5)
  4 spriggans
  7 yaks (Lair:5)
  3 vampire mosquitoes (Swamp:2)
  A naga (Snake:1)
  4 swamp worms
  2 swamp drakes (Swamp:3)
  2 water moccasins
  5 orc warriors (Orc:2)
  12 orc priests (Orc:2)
  An iguana (Lair:2)
  5 orc wizards (Orc:2)
  An orc (Orc:2)
  7 briar patches (Swamp:4)
102 creatures vanquished.

Vanquished Creatures (others)
  A fenstrider witch (Swamp:4)
  A swamp dragon (Swamp:3)
  A deep elf pyromancer (Swamp:4)
  2 bloated husks (Swamp:3)
  A shadow (D:11)
  A human (D:13)
  A wight (D:8)
  An orc wizard (D:9)
  A shadow imp (D:7)
  A jackal (D:3)
  8 foxfires (Swamp:4)
  31 fungi
  72 plants
122 creatures vanquished.

Grand Total: 984 creatures vanquished

Notes
Turn   | Place    | Note
-------+----------+-------------------------------------------
     0 | D:1      | Shayle the Djinni Reaver began the quest for the Orb.
     0 | D:1      | Shayle set off with the following spells memorised: Kiss of
                  | Death, Momentum Strike, Hailstorm.
     0 | D:1      | Reached XP level 1. HP: 18/18 MP: 0/0
    18 | D:1      | You are sucked into a shaft and drop 1 floor!
    75 | D:2      | Reached XP level 2. HP: 19/23 MP: 0/0
   196 | D:1      | Reached XP level 3. HP: 28/28 MP: 0/0
   196 | D:1      | Learned a level 1 spell: Sting
   508 | D:1      | Reached skill level 1 in Stealth
   904 | D:2      | Reached XP level 4. HP: 34/34 MP: 0/0
  1463 | D:3      | Noticed Grinder
  1470 | D:3      | Noticed Sigmund
  1640 | D:3      | Identified a scroll of acquirement
  1640 | D:3      | Acquired the +3 pair of gloves "Jaidoqif" {rElec rC++ SInv}
  1657 | D:3      | Found a burning altar of Makhleb.
  1657 | D:3      | Found an ornate altar of the Wu Jian Council.
  1674 | D:3      | Found a shadowy altar of Dithmenos.
  1676 | D:3      | Became a worshipper of Makhleb the Destroyer
  1682 | D:3      | Found an iron altar of Okawaru.
  1737 | D:3      | Reached skill level 5 in Fighting
  1737 | D:3      | Reached skill level 5 in Long Blades
  1737 | D:3      | Reached skill level 5 in Dodging
  1737 | D:3      | Reached skill level 5 in Invocations
  1737 | D:3      | Reached XP level 5. HP: 11/43 MP: 0/0
  1737 | D:3      | Learned a level 2 spell: Call Imp
  1855 | D:3      | Paralysed by Grinder for 5 turns
  1867 | D:3      | Killed Grinder
  1868 | D:3      | Reached skill level 6 in Invocations
  1868 | D:3      | Reached XP level 6. HP: 19/49 MP: 0/0
  2010 | D:3      | Found a runed translucent door.
  2011 | D:3      | Noticed Crazy Yiuf
  2281 | D:4      | Found a transporter.
  2360 | D:4      | Reached XP level 7. HP: 44/54 MP: 0/0
  2360 | D:4      | Learned a level 2 spell: Wereblood
  2381 | D:4      | Found a glowing drain.
  2385 | Sewer    | Entered a sewer
  2437 | Sewer    | Noticed a water moccasin
  2456 | Sewer    | Killed a water moccasin
  2713 | D:4      | Reached * piety under Makhleb
  2828 | D:4      | Found a sparkling altar of Nemelex Xobeh.
  2941 | D:4      | Identified the +4 helmet of Xoihuept {rF+}
  2941 | D:4      | Noticed Robin
  2951 | D:4      | Killed Robin
  2952 | D:4      | Reached XP level 8. HP: 50/59 MP: 0/0
  3031 | D:4      | Found a transporter.
  3031 | D:4      | Noticed p00ps00p's ghost (amateur HOFi)
  3235 | D:5      | Entered Level 5 of the Dungeon
  3486 | D:5      | Found a staircase to the Ecumenical Temple.
  3492 | Temple   | Entered the Ecumenical Temple
  3533 | D:5      | Reached ** piety under Makhleb
  4026 | D:5      | Noticed Eustachio
  4040 | D:5      | Killed Eustachio
  4091 | D:5      | Found a white marble altar of Elyvilon.
  4262 | D:6      | Noticed a troll
  4668 | D:6      | Reached skill level 7 in Invocations
  4668 | D:6      | Reached XP level 9. HP: 57/66 MP: 0/0
  4668 | D:6      | Learned a level 3 spell: Teleport Other
  4778 | D:6      | Found Lov Rif's Antique Weapon Shop.
  4789 | D:6      | Bought a smoking dagger for 175 gold pieces
  4789 | D:6      | Identified the +4 dagger of Xaupnen {freeze, rElec SInv}
                  | (You bought it in a shop on level 6 of the Dungeon)
  4828 | D:6      | Killed a troll
  5471 | D:7      | Found a sacrificial altar of Ru.
  5529 | D:7      | Found a flagged portal.
  5552 | Bailey   | Entered a bailey
  5587 | Bailey   | Noticed an orc warlord
  5596 | Bailey   | Reached *** piety under Makhleb
  5623 | Bailey   | Reached skill level 5 in Stealth
  5683 | Bailey   | Reached skill level 5 in Spellcasting
  5683 | Bailey   | Found a runed translucent gate.
  5686 | Bailey   | Found a runed translucent gate.
  5725 | Bailey   | Found a runed translucent gate.
  5761 | Bailey   | Reached XP level 10. HP: 68/72 MP: 0/0
  5818 | Bailey   | Killed an orc warlord
  5819 | Bailey   | Reached skill level 8 in Invocations
  5855 | D:7      | Acquired the ring "Hero's Friend" {AC+4 Int+4}
  6240 | D:3      | Killed Sigmund
  6356 | D:3      | Killed Crazy Yiuf
  6607 | D:7      | Found a hide-covered altar of Uskayaw.
  6762 | D:7      | Found a glowing golden altar of the Shining One.
  7508 | D:8      | Reached **** piety under Makhleb
  7781 | D:8      | Identified the +4 rapier "Newtslayer" {flame, rN+ Str+2
                  | Dex-4}
  8008 | D:9      | Noticed Psyche
  8142 | D:9      | Found Ahuorr's Distillery.
  8159 | D:9      | Bought a potion of heal wounds for 75 gold pieces
  8159 | D:9      | Bought a potion of brilliance for 60 gold pieces
  8159 | D:9      | Bought a potion of curing for 45 gold pieces
  8159 | D:9      | Bought a potion of flight for 45 gold pieces
  8226 | D:10     | Entered Level 10 of the Dungeon
  8251 | D:9      | Noticed a two-headed ogre
  8331 | D:10     | Found a shimmering altar of Xom.
  8332 | D:10     | Found a hazy altar of Hepliaklqana.
  8333 | D:10     | Noticed a spectral ugly thing
  8382 | D:10     | Noticed a gargoyle
  8474 | D:10     | Reached XP level 11. HP: 72/78 MP: 0/0
  8474 | D:10     | Learned a level 4 spell: Leda's Liquefaction
  8492 | D:10     | Found a staircase to the Orcish Mines.
  8537 | D:10     | Reached skill level 1 in Evocations
  8916 | D:10     | Killed Psyche
  8917 | D:10     | Reached skill level 1 in Axes
  9155 | D:9      | Reached skill level 9 in Invocations
  9318 | D:9      | Killed a two-headed ogre
  9410 | D:9      | Noticed Harold
  9623 | D:11     | Noticed a two-headed ogre
  9630 | D:11     | Killed a two-headed ogre
  9674 | D:11     | Noticed a skeletal warrior
  9674 | D:11     | Noticed a skeletal warrior
  9674 | D:11     | Noticed a skeletal warrior
  9707 | Orc:1    | Entered Level 1 of the Orcish Mines
  9780 | Orc:1    | Noticed Sonja
  9792 | Orc:1    | Killed Sonja
  9887 | Orc:1    | Reached ***** piety under Makhleb
  9912 | Orc:1    | Noticed an orc high priest
  9915 | Orc:1    | Noticed an orc sorcerer
  9921 | Orc:1    | Killed an orc sorcerer
  9922 | Orc:1    | Reached XP level 12. HP: 66/85 MP: 0/0
  9922 | Orc:1    | Killed an orc high priest
 10262 | Orc:2    | Entered Level 2 of the Orcish Mines
 10346 | Orc:2    | Found a staircase to the Elven Halls.
 10954 | Orc:2    | Noticed an orc high priest
 10961 | Orc:2    | Killed an orc high priest
 10975 | Orc:2    | Noticed an orc high priest
 10977 | Orc:2    | Noticed a balrug
 10992 | Orc:1    | Found Ytix's Jewellery Boutique.
 11172 | Orc:1    | Noticed Wekumecuw's ghost (journeyman DsFi)
 11174 | Orc:1    | Found a transporter.
 11174 | Orc:1    | Noticed a two-headed ogre
 11174 | Orc:1    | Noticed a two-headed ogre
 11174 | Orc:1    | Identified the +1 great mace "Bockovoxt" {speed, Str+4
                  | Dex+2}
 11174 | Orc:1    | Noticed an ettin
 11175 | Orc:1    | Noticed a two-headed ogre
 11175 | Orc:1    | Noticed a two-headed ogre
 11178 | Orc:1    | Noticed a two-headed ogre
 11195 | Orc:1    | Found a transporter.
 11196 | Orc:1    | Noticed a two-headed ogre
 11356 | Orc:2    | Noticed an orc high priest
 11356 | Orc:2    | Noticed an orc high priest
 11359 | Orc:2    | Killed an orc high priest
 11369 | Orc:2    | Killed an orc high priest
 11380 | Orc:2    | Killed an orc high priest
 11381 | Orc:2    | Reached skill level 10 in Invocations
 11439 | Orc:2    | Found Qeonoz's Antique Weapon Emporium.
 11439 | Orc:2    | Found Bos Myr's Assorted Antiques.
 11439 | Orc:2    | Found Saipuigh's General Store.
 11444 | Orc:2    | Found Asu Noqa's Armour Shoppe.
 11447 | Orc:2    | Bought a scroll of teleportation for 54 gold pieces
 11447 | Orc:2    | Bought a scroll labelled QOEQ OJIABB for 18 gold pieces
 11447 | Orc:2    | Bought a scroll labelled WEABU COME for 18 gold pieces
 11447 | Orc:2    | Bought a scroll of identify for 36 gold pieces
 11741 | D:11     | Noticed a balrug
 11758 | D:11     | Noticed a skeletal warrior
 11763 | D:12     | Noticed a boulder beetle
 11808 | D:12     | Acquired 795 gold pieces
 11843 | D:12     | Reached XP level 13. HP: 93/93 MP: 0/0
 11843 | D:12     | Learned a level 5 spell: Lightning Bolt
 12131 | D:11     | Found a staircase to the Lair.
 12161 | D:11     | Reached skill level 5 in Evocations
 12166 | D:11     | Reached skill level 1 in Armour
 12179 | Lair:1   | Entered Level 1 of the Lair of Beasts
 12271 | Lair:1   | Identified the +4 short sword of the Old World {vorpal, rF+
                  | rC- rN++ Dex+4}
 12559 | Lair:1   | Noticed Maggie
 12564 | Lair:1   | Killed Maggie
 13157 | Lair:2   | Identified the +0 scale mail of Eternity {Will- Str+4 Int+4
                  | Dex+3}
 13844 | Lair:2   | Noticed a five-headed hydra
 13844 | Lair:2   | Noticed a seven-headed hydra
 13852 | Lair:2   | Killed a seven-headed hydra
 13853 | Lair:2   | Killed a five-headed hydra
 13855 | Lair:2   | Reached skill level 5 in Axes
 13916 | Lair:2   | Found a staircase to the Swamp.
 14086 | Lair:3   | Found a staircase to the Snake Pit.
 14195 | Lair:3   | Reached XP level 14. HP: 70/101 MP: 0/0
 14852 | Lair:4   | Reached skill level 11 in Invocations
 15088 | Lair:4   | Reached skill level 5 in Armour
 15089 | Lair:4   | Reached skill level 10 in Fighting
 15315 | Lair:4   | Found a viscous altar of Jiyva.
 15318 | Lair:4   | Found a staircase to the Slime Pits.
 15703 | Lair:5   | Entered Level 5 of the Lair of Beasts
 15766 | Lair:4   | Reached ****** piety under Makhleb
 15944 | Lair:5   | Noticed an Executioner
 16048 | Lair:5   | Reached XP level 15. HP: 88/108 MP: 0/0
 16048 | Lair:5   | Learned a level 6 spell: Statue Form
 16668 | Lair:5   | Found a runed translucent door.
 16670 | Lair:5   | Noticed bande's ghost (journeyman GrFi)
 17129 | D:11     | Found an ornate altar of the Wu Jian Council.
 17236 | D:10     | HP: 6/141 [skeletal warrior/+0 dire flail (17)]
 18197 | D:12     | Reached skill level 12 in Invocations
 18242 | D:12     | Identified the ring "Otuiheotz" {rElec rPois Int+6 Slay-6}
 19335 | D:13     | Found a gate to the Vaults.
 20064 | D:14     | Acquired the amulet of Rycroim {Acrobat Rampage Str+4 Dex+3
                  | Stlth-}
 20337 | D:14     | Reached XP level 16. HP: 83/116 MP: 0/0
 20528 | D:14     | Found Qotwao's Assorted Antiques.
 20535 | D:14     | Bought a thick jade amulet for 145 gold pieces
 20535 | D:14     | Bought a potion of might for 116 gold pieces
 20779 | D:15     | Entered Level 15 of the Dungeon
 20794 | D:15     | Found a transporter.
 20801 | D:15     | Found a one-way gate to the infinite horrors of the Abyss.
 20801 | D:15     | Noticed Ceh Rif's ghost (adept HuWn)
 20968 | D:15     | Paralysed by a floating eye for 3 turns
 21126 | D:15     | Noticed an Executioner
 21140 | D:15     | Found a transporter.
 21178 | D:15     | Found a shadowy altar of Dithmenos.
 21234 | D:15     | Found a basalt altar of Yredelemnul.
 21478 | D:15     | Found a staircase to the Depths.
 21730 | Swamp:1  | Entered Level 1 of the Swamp
 21856 | Swamp:1  | You are sucked into a shaft and drop 1 floor!
 21885 | Swamp:2  | Found a runed translucent door.
 22314 | Swamp:2  | Noticed Wunk's ghost (adept MfGl)
 22634 | Swamp:3  | Reached skill level 13 in Invocations
 22701 | Swamp:3  | Reached XP level 17. HP: 105/123 MP: 0/0
 22701 | Swamp:3  | Learned a level 6 spell: Death Channel
 22716 | Swamp:3  | Reached skill level 10 in Evocations
 23030 | Swamp:4  | Entered Level 4 of the Swamp
 23170 | Swamp:1  | Noticed a thorn hunter
 23177 | Swamp:1  | Killed a thorn hunter
 23178 | Swamp:1  | Reached skill level 1 in Shields
 23657 | Orc:2    | Bought a smoking hand axe for 216 gold pieces
 23657 | Orc:2    | Identified the +6 hand axe "Spiderslayer" {vorpal, Int+3}
                  | (You bought it in a shop on level 2 of the Orcish Mines)
 24945 | Swamp:4  | Noticed a thorn hunter
 24948 | Swamp:4  | Killed a thorn hunter
 25303 | Swamp:4  | Noticed a thorn hunter
 25304 | Swamp:4  | Noticed an Executioner
 25310 | Swamp:4  | Killed a thorn hunter
 25415 | Swamp:4  | Noticed a tentacled monstrosity
 25495 | Swamp:4  | Noticed an Executioner
 25522 | Swamp:4  | Gained mutation: Your body sometimes deteriorates upon
                  | taking damage. [a cacodemon]
 25530 | Swamp:4  | Gained mutation: Your body often deteriorates upon taking
                  | damage. [a cacodemon]
 25537 | Swamp:4  | Reached skill level 10 in Spellcasting
 25540 | Swamp:4  | Gained mutation: Your spells are a little easier to cast,
                  | but a little less powerful. [a cacodemon]
 25862 | Swamp:4  | Killed a tentacled monstrosity
 26219 | Swamp:4  | Noticed a thorn hunter
 26223 | Swamp:4  | Paralysed by a fenstrider witch for 2 turns
 26228 | Swamp:4  | Paralysed by a fenstrider witch for 3 turns
 26234 | Swamp:4  | Paralysed by a fenstrider witch for 5 turns
 26249 | Swamp:4  | Killed a thorn hunter
 26938 | Swamp:4  | Got a decaying rune of Zot
 27466 | Snake:1  | Entered Level 1 of the Snake Pit
 27485 | Snake:1  | Reached XP level 18. HP: 131/131 MP: 0/0
 27945 | Snake:1  | Lost mutation: Your spells are a little easier to cast, but
                  | a little less powerful. [potion of mutation]
 27945 | Snake:1  | Lost mutation: Your body often deteriorates upon taking
                  | damage. [potion of mutation]
 27945 | Snake:1  | Gained mutation: You occasionally lose the ability to drink
                  | potions when taking damage. [potion of mutation]
 27945 | Snake:1  | Gained mutation: You are clumsy. (Dex -2) [potion of
                  | mutation]
 27946 | Snake:1  | Lost mutation: You occasionally lose the ability to drink
                  | potions when taking damage. [potion of mutation]
 27946 | Snake:1  | Lost mutation: Your body sometimes deteriorates upon taking
                  | damage. [potion of mutation]
 27946 | Snake:1  | Gained mutation: You are frail. (-10% HP) [potion of
                  | mutation]
 27946 | Snake:1  | Lost mutation: You are frail. (-10% HP) [potion of
                  | mutation]
 27946 | Snake:1  | Gained mutation: You are partially covered in iridescent
                  | scales. (AC +2) [potion of mutation]
 28246 | Vaults:1 | Entered Level 1 of the Vaults
 28320 | Vaults:1 | Reached skill level 14 in Invocations
 28327 | Vaults:1 | Reached skill level 5 in Shields
 28331 | Vaults:1 | Noticed Saint Roka
 28363 | Vaults:1 | Shot with an arrow by a centaur warrior

Illustrated notes

Levels and vault maps discovered:
D:1:      elethiomel_arrival_infinity_welcomes_careful_drivers, layout_basic,
          chequers_serial_rivers_micro_a, serial_bayou_pond_c,
          grunt_decor_fettered
D:2:      layout_basic
D:3:      layout_basic, chequers_temple_overflow_minitemple, uniq_sigmund,
          uniq_crazy_yiuf_cottage, uniq_grinder
D:4:      layout_basic, nemelex_altar_shiori, gammafunk_ghost_mausoleum,
          gup_sewer_entry_bowl, kennysheep_potato, uniq_robin
D:5:      layout_cave_pods, elyvilon_altar_3, minmay_temple_entry_waves,
          serial_glass, glass_columns_a, glass_columns_a, uniq_eustachio
D:6:      layout_loops_ring, serial_shops, nicolae_shop_advertising_works
          [nicolae_subvault_shop_adworks]
D:7:      layout_loops_ring, lemuel_crystal_altar,
          eat_drink_and_be_merry_uskayaw, lemuel_tele_altar, enter_bailey_5,
          kennysheep_pointless_box
D:8:      layout_cave_pools
D:9:      minmay_polygon_palace, layout_cross, serial_shops, shop, uniq_harold,
          uniq_psyche
D:10:     layout_roguey, regret_index_temple_of_mockery, orc_0_dummy
D:11:     layout_loops_ring, minmay_lair_entry_grove,
          nicolae_wu_jian_wuxing_cycle
D:12:     layout_cave_pools, minmay_crystal_water
D:13:     layout_cave_pods, ximxim_vaults_locker_room, minmay_misc_feat_tower,
          grunt_ministairs_5
D:14:     layout_gridville, serial_shops, shop_statue,
          nicolae_concentric_dashed_squares_mild, minmay_more_statues
D:15:     grunt_enter_depths_giant_problem, layout_basic,
          gammafunk_ghost_abyssal_escape, nicolae_dithmenos_the_darkroom,
          nicolae_yredelemnul_corpse_copse
Temple:   hellmonk_temple_flake
Lair:1:   layout_regular_city, fungi_pond_lemuel, uniq_maggie
Lair:2:   layout_cave_pods, palyth_hydra_swamp_entry,
          chequers_serial_rivers_micro_e, infiniplex_staircase_pool_2
Lair:3:   layout_roguey, dummy_snake_entry, chequers_serial_rivers_marsh,
          st_stairs_10
Lair:4:   layout_misc_corridors, slime_entry_1, serial_bayou_shore_b
Lair:5:   gammafunk_lair_ancient_temple, layout_cave_pods,
          ebering_ghost_inner_flame, evilmike_ambush
          [evilmike_ambush_outer_corners, evilmike_ambush_inner_basic]
Swamp:1:  layout_basic_swamp, evilmike_swamp_ruin_house_3, swamp_pool5
Swamp:2:  layout_basic_swamp, ebering_ghost_reflecting_pool,
          evilmike_swamp_ruin_house_4
Swamp:3:  layout_basic_swamp, evilmike_swamp_ruin_house_6, swamp_pool5
Swamp:4:  nzn_swamp_witches_coven, layout_basic_swamp,
          nicolae_swamp_stuck_in_the_mud
Snake:1:  layout_basic, nicolae_snake_gridmaze_spiral, minmay_shop_star
Snake:2:  layout_chambers, serial_shops, nicolae_lakefront_shop,
          hangedman_snake_corridor_split, serial_bayou_shore_a, uniq_vashnia
Orc:1:    layout_diamond_mine, serial_shops, shop, gammafunk_ghost_smash,
          minmay_orc_temple_c, uniq_sonja
Orc:2:    st_orc_mages, layout_diamond_mine
Vaults:1: vaults_dpeg_emergency_exit, hangedman_vaults_nails,
          hangedman_vaults_stitches, nicolae_vaults_triangles, v_misc_15,
          v_alt_pattern_6, v_misc_23, st_lines, v_pattern_1,
          grunt_vaults_hallway_short, serial_ice_m,
          vaults_room_grunt_arrival_ludios, vaults_room_door_ring,
          layout_vaults_ring, serial_shops, shop, uniq_aizul, uniq_donald,
          uniq_saint_roka

Skill      XL: |  1  2  3  4  5  6  7  8  9 10 11 12 13 14 15 16 17 18 |
---------------+-------------------------------------------------------+-----
Long Blades    | 3 5 6 |  6.5
Stealth        | 1 4 5 6 7 |  7.4
Fighting       | 5 6 7 8 9 10 11 12 13 | 13.1
Dodging        | 5 6 7 8 9 |  9.2
Spellcasting   | 4 5 6 7 8 9 10 | 10.4
Invocations    | 5 6 7 8 9 10 11 12 13 14 | 14.0
Evocations     | 3 4 6 7 8 9 10 | 10.0
Axes           | 2 3 5 6 7 8 9 |  9.5
Armour         | 3 5 7 8 9 |  9.7
Shields        | 4 5 |  5.1

Action                   |  1- 3 |  4- 6 |  7- 9 | 10-12 | 13-15 | 16-18 || total
-------------------------+-------+-------+-------+-------+-------+-------++-------
Melee: Falchion          |    87 |    47 |       |       |       |       ||   134
       Short sword       |       |    62 |   161 |       |       |     5 ||   228
       Punch             |       |       |     1 |     2 |     4 |     2 ||     9
       Dagger            |       |       |    66 |    51 |     6 |       ||   123
       Broad axe         |       |       |       |   215 |   592 |   379 ||  1186
       Scimitar          |       |       |       |       |       |    14 ||    14
Throw: Dart              |       |       |     9 |       |       |       ||     9
       Boomerang         |       |       |     6 |       |     2 |     1 ||     9
       Throwing net      |       |       |     2 |       |       |       ||     2
 Cast: Hailstorm         |       |     6 |    73 |   170 |   126 |    31 ||   406
       Sting             |       |     1 |    15 |     2 |       |       ||    18
       Momentum Strike   |       |     1 |     1 |     3 |     2 |     1 ||     8
       Call Imp          |       |     2 |     8 |    10 |       |       ||    20
       Wereblood         |       |       |     1 |       |     1 |       ||     2
       Leda's Liquefacti |       |       |       |    11 |    25 |     6 ||    42
       Lightning Bolt    |       |       |       |       |   147 |   134 ||   281
       Statue Form       |       |       |       |       |    22 |    33 ||    55
       Death Channel     |       |       |       |       |       |     2 ||     2
Invok: Lesser Servant of |       |       |       |     8 |     1 |    11 ||    20
       Greater Servant o |       |       |       |     4 |     4 |    14 ||    22
       Major Destruction |       |       |       |       |       |     6 ||     6
Evoke: Wand              |       |       |     5 |    19 |     7 |     9 ||    40
  Use: Scroll            |     2 |     2 |     3 |    19 |    13 |    21 ||    60
       Potion            |       |     2 |     1 |     4 |     5 |    18 ||    30
 Stab: Sleeping          |       |     1 |     3 |     3 |     3 |       ||    10
       Paralysed         |       |       |       |     3 |       |     3 ||     6
       Distracted        |       |       |       |     2 |     1 |       ||     3
       Invisible         |       |       |       |       |       |     2 ||     2
Armor: Leather armour    |    34 |    33 |   105 |       |       |       ||   172
       Troll leather arm |       |       |    20 |   196 |   322 |   112 ||   650
       Skin              |       |       |       |       |   292 |   426 ||   718
       Robe              |       |       |       |       |       |    43 ||    43
Dodge: Dodged            |    53 |    64 |   236 |   314 |   742 |   685 ||  2094

Table legend: (Time is in decaauts)
 A = Elapsed time spent in this place.
 B = Non-inter-level travel time spent in this place.
 C = Inter-level travel time spent in this place.
 D = Time resting spent in this place.
 E = Time spent auto-exploring this place.
 F = Levels seen in this place.
 G = Mean time per level.
                   A        B        C        D        E       F      G
               +--------+--------+--------+--------+--------+-----+--------+
         Total |  30236 |  27361 |   2875 |   4608 |  13296 |  32 |  944.9 |
       Dungeon |  15485 |  14004 |   1481 |   1988 |   7728 |  15 | 1032.3 |
        Temple |      1 |      1 |      0 |      0 |      0 |   1 |    1.0 |
          Lair |   5535 |   4829 |    706 |    251 |   3158 |   5 | 1107.0 |
         Swamp |   5789 |   5440 |    349 |   1771 |   1543 |   4 | 1447.2 |
     Snake Pit |    611 |    583 |     28 |    327 |     91 |   2 |  305.5 |
  Orcish Mines |   2234 |   1925 |    309 |    252 |    722 |   2 | 1117.0 |
        Vaults |    153 |    153 |      0 |     13 |     45 |   1 |  153.0 |
         Sewer |    127 |    127 |      0 |      0 |      8 |   1 |  127.0 |
        Bailey |    297 |    297 |      0 |      5 |      0 |   1 |  297.0 |
               +--------+--------+--------+--------+--------+-----+--------+

Top non-repeatable levels by time:
 Swamp:4: 2399 daAuts
    D:13: 1530 daAuts
    D:14: 1507 daAuts
 Swamp:3: 1457 daAuts
   Orc:2: 1450 daAuts
     D:5: 1337 daAuts
  Lair:5: 1335 daAuts
  Lair:2: 1287 daAuts
    D:11: 1206 daAuts
    D:10: 1143 daAuts
 Swamp:1: 1121 daAuts
  Lair:1: 1105 daAuts
     D:7: 1035 daAuts
  Lair:3: 1013 daAuts
     D:3: 1009 daAuts
